 Dungeon Crawl Stone Soup version 0.30-b1-2-g02819fbbbe (webtiles) character file.

Game seed: 9202664418867734271

17232 diana the Fighter (level 12, -2/148 (154) HPs)
             Began as a Demonspawn Gladiator on June 10, 2023.
             Was an Elder of Makhleb.
             Slain by a warg (11 damage)
             ... on level 10 of the Dungeon.
             The game lasted 00:20:16 (8048 turns).

diana the Fighter (Demonspawn Gladiator)            Turns: 8048, Time: 00:20:16

HP:   -2/148 (154)  AC: 30    Str: 17    XL:     12   Next: 17%
MP:   19/19         EV:  2    Int: 18    God:    Makhleb [****..]
Gold: 588           SH:  4    Dex: 15    Spells: 15/17 levels left

rFire   . . .        a - +0 long sword
rCold   . . .        (no shield)
rNeg    . . .        f - melded +3 scale mail of Relutibe {rElec Regen+ rCorr Int-2}
rPois   +            (helmet currently unavailable)
rElec   .            (cloak currently unavailable)
rCorr   .            M - melded +0 pair of gloves
SInv    .            (boots currently unavailable)
Will    .....        k - amulet of regeneration
Stlth   +            L - +6 ring of intelligence
HPRegen 1.24/turn    (no ring)
MPRegen 0.16/turn

%: no passive effects
@: lethally poisoned (-2 -> -3), tree-form, attractive, lightly drained
A: stationary, stasis, torment immunity, boosted hp, (horns 1), (icy blue scales
2), icemail 1, condensation shield, demonic magic 1, (talons 1)
a: Renounce Religion, Minor Destruction, Lesser Servant of Makhleb, Major
Destruction


You were on level 10 of the Dungeon.
You worshipped Makhleb.
Makhleb was greatly pleased with you.
You were a tree.
You visited 1 branch of the dungeon, and saw 10 of its levels.

You collected 588 gold pieces.

Inventory:

Hand Weapons
 a - a +0 long sword (weapon)
Missiles
 d - 3 throwing nets (quivered)
 e - a javelin
 g - 2 silver javelins
Armour
 b - a +0 leather armour
 c - a +0 helmet
 f - the +3 scale mail of Relutibe (melded) {rElec Regen+ rCorr Int-2}
   (You found it on level 5 of the Dungeon)

   Int:       It affects your intelligence (-2).
   rElec:     It insulates you from electricity.
   Regen:     It increases your rate of health regeneration.
   rCorr:     It protects you from acid and corrosion.
 M - a +0 pair of gloves (melded)
Jewellery
 k - an amulet of regeneration (around neck)
 I - a ring of flight
 K - an amulet of reflection
 L - a +6 ring of intelligence (left branch)
Wands
 r - a wand of iceblast (10)
 F - a wand of mindburst (20)
 H - a wand of flame (34)
Scrolls
 h - a scroll of torment {unknown}
 i - a scroll of amnesia
 j - a scroll of immolation {unknown}
 l - 2 scrolls of enchant armour {unknown}
 m - 10 scrolls of identify {unknown}
 o - 2 scrolls of magic mapping {unknown}
 p - 2 scrolls of fog
 s - 4 scrolls of poison {unknown}
 x - 2 scrolls of vulnerability {unknown}
 y - a scroll of acquirement {unknown}
 C - 4 scrolls of summoning {unknown}
 G - 2 scrolls of noise {unknown}
 J - 2 scrolls of teleportation
 N - a scroll of blinking {unknown}
Potions
 n - a potion of berserk rage {unknown}
 q - a potion of brilliance {unknown}
 t - a potion of invisibility
 u - a potion of attraction
 v - 3 potions of lignification
 w - a potion of flight
 B - a potion of degeneration {unknown}
 D - a potion of magic {unknown}
 E - a potion of cancellation {unknown}


   Skills:
 - Level 12.6 Fighting
 + Level 8.5 Long Blades
 - Level 2.1 Throwing
 - Level 6.0 Armour
 - Level 6.0 Dodging
 + Level 3.2 Spellcasting
 - Level 9.7 Invocations


You had 15 spell levels left.
You knew the following spells:

 Your Spells              Type           Power      Damage    Failure   Level
a - Poisonous Vapours     Pois/Air       4%         N/A       24%         2

Your spell library contained the following spells:

 Spells                   Type           Power      Damage    Failure   Level
 Cigotuvi's Dreadful Rot  Necr/Pois/Air  4%         N/A       24%         2
 Ignite Poison            Fire/Tmut/Pois 2%         N/A       43%         3
 Mephitic Cloud           Conj/Pois/Air  2%         N/A       43%         3
 Freezing Cloud           Conj/Ice/Air   1%         6-21      99%         5


Dungeon Overview and Level Annotations

Branches:
Dungeon (10/15)            Temple (0/1) D:4             Orc (0/2) D:10
   Lair: D:8-11

Altars:
Ashenzari
Cheibriados
Fedhas
Makhleb
Qazlal
Sif Muna
Vehumet
Xom
Yredelemnul

Shops:
D:1 (   D:4 (

Annotations:
D:8 1 runed translucent door, HumbleHazard's ghost, novice MiBe


Innate Abilities, Weirdness & Mutations

You are a tree.
Your roots penetrate the ground, keeping you stationary.
You cannot be teleported.
You are immune to unholy pain and torment.
Your maximum health is greatly increased.
Your equipment is partially melded.
((You have a pair of small horns on your head.))
((You are mostly covered in icy blue scales. (AC +3)))
A meltable icy envelope protects you from harm. (AC +4)
A meltable shield of frost defends you. (SH +4)
Spells you cast may paralyse adjacent enemies.
((You have sharp toenails.))


Message History

* * * LOW HITPOINT WARNING * * *
The warg bites you but does no damage.
Your hellwing hits the hornet.
Your hellwing closely misses the hornet.
The hornet stings your hellwing but does no damage.
It was a potion of attraction.
You feel attractive to monsters.
You feel sick.
The hornet closely misses your hellwing.
The warg barely misses you.
Your hellwing misses the hornet. Your hellwing hits the hornet.
Unknown command.
It was a potion of flight.
Your roots keep you in place.
You feel sick. The hornet stings your hellwing! The warg bites you!
* * * LOW HITPOINT WARNING * * *
The orc warrior hits you with a +0 mace of draining!
* * * LOW HITPOINT WARNING * * *
You feel drained.
* * * LOW HITPOINT WARNING * * *
The hornet stings your hellwing.
Your hellwing closely misses the hornet.
Your hellwing barely misses the hornet.
The warg bites you but does no damage.
Unknown command.
It was a potion of mutation.
You feel extremely strange.
Your toenails lengthen and sharpen.
You feel sick.
The hornet stings your hellwing but does no damage.
The orc warrior hits you but does no damage.
You feel drained. The warg barely misses you.
Your hellwing closely misses the hornet.
Your hellwing hits the hornet.
Unknown command.
Unknown command.
It was a potion of experience.
You feel more experienced!
Your Fighting skill gained 3 levels and is now at level 12!
Training target 10.0 for Fighting reached!
You have reached level 12!
You feel stronger.
You feel sick. The hornet barely misses your hellwing. The warg bites you!
You die...

#########.# #.........#
# #.........# #
#.........#
##############..........
........................
....>............o......
†...............♣h......
...............4y.......
#.....#######...........
##...## ##..)..#####
.##.## ##....# ..###
##...# ...# #...# #..#
#...# ...#


You could see a hornet (distracted, ally target), a warg, an orc warrior and a
friendly hellwing (summoned).

Vanquished Creatures
  A centaur warrior (D:10)
  A two-headed ogre (D:8)
  Grinder (D:4)
  Prince Ribbit (D:5)
  A shadow (D:10)
  A wraith (D:9)
  3 wyverns (D:8)
  8 yaks (D:10)
  A steam dragon (D:6)
  Edmund (D:6)
  A warg (D:10)
  An acid dragon (D:10)
  Menkaure (D:6)
  4 water moccasins
  3 orc warriors
  A sky beast (D:7)
  An ice beast (D:6)
  2 black bears
  2 ogres
  2 centaurs
  3 phantoms
  Blork the orc (D:4)
  2 kobold brigands
  A gnoll sergeant (D:10)
  3 bullfrogs
  6 scorpions
  3 wights (D:9)
  3 killer bees (D:9)
  5 howler monkeys
  2 jellies
  3 orc priests
  2 hounds (D:4)
  An iron imp (D:4)
  Natasha (thrice) (D:4)
  3 iguanas
  8 orc wizards
  A human skeleton (D:6)
  Robin (D:4)
  4 gnolls
  6 adders
  2 white imps (D:5)
  2 ufetubi
  A worm (D:3)
  5 dart slugs
  24 orcs
  4 bats
  4 endoplasms
  2 giant cockroaches (D:1)
  19 goblins
  9 hobgoblins
  3 quokkas (D:1)
  8 ball pythons
  2 frilled lizards
  A goblin skeleton (D:6)
  10 kobolds
  7 rats
201 creatures vanquished.

Vanquished Creatures (collateral kills)
  A two-headed ogre (D:8)
  Joseph (D:10)
  A hornet (D:9)
  3 killer bees (D:9)
  An orc (D:9)
7 creatures vanquished.

Vanquished Creatures (others)
  A plant (D:10)
1 creature vanquished.

Grand Total: 209 creatures vanquished

Notes
Turn   | Place    | Note
-------+----------+-------------------------------------------
     0 | D:1      | diana the Demonspawn Gladiator began the quest for the Orb.
     0 | D:1      | Reached XP level 1. HP: 16/16 MP: 1/1
   131 | D:1      | Gained mutation: A meltable shield of frost defends you.
                  | (SH +4) [demonic ancestry]
   131 | D:1      | Reached XP level 2. HP: 7/22 MP: 2/2
   442 | D:1      | Gained mutation: You have a pair of small horns on your
                  | head. [demonic ancestry]
   442 | D:1      | Reached XP level 3. HP: 25/28 MP: 3/3
   585 | D:1      | Found Oryuwymesow's Antique Weapon Boutique.
   860 | D:1      | Reached skill level 3 in Fighting
  1018 | D:2      | Gained mutation: You are partially covered in icy blue
                  | scales. (AC +2) [demonic ancestry]
  1018 | D:2      | Reached XP level 4. HP: 31/34 MP: 4/4
  1156 | D:2      | Found a burning altar of Makhleb.
  1205 | D:2      | Became a worshipper of Makhleb the Destroyer
  1686 | D:3      | Found a shimmering altar of Xom.
  1750 | D:3      | Found a faded altar of an unknown god.
  1937 | D:3      | Found a broken altar of Ashenzari.
  1958 | D:3      | Reached skill level 1 in Invocations
  2223 | D:4      | Noticed an ogre
  2230 | D:3      | Gained mutation: Spells you cast may paralyse adjacent
                  | enemies. [demonic ancestry]
  2230 | D:3      | Reached XP level 5. HP: 41/41 MP: 4/6
  2237 | D:4      | Noticed Natasha
  2250 | D:4      | Killed Natasha
  2268 | D:4      | Found a staircase to the Ecumenical Temple.
  2288 | D:4      | Noticed Natasha
  2295 | D:4      | Killed Natasha
  2378 | D:4      | Reached * piety under Makhleb
  2379 | D:4      | Reached skill level 4 in Fighting
  2379 | D:4      | Reached XP level 6. HP: 24/48 MP: 6/8
  2448 | D:4      | Found Xoakk's Antique Weapon Shop.
  2539 | D:4      | Noticed Natasha
  2545 | D:4      | Noticed Blork the orc
  2549 | D:4      | Killed Natasha
  2550 | D:4      | Reached XP level 7. HP: 35/55 MP: 9/9
  2557 | D:4      | Killed Blork the orc
  2612 | D:4      | Noticed Robin
  2645 | D:4      | Killed Robin
  2752 | D:4      | Reached skill level 5 in Fighting
  2786 | D:4      | Found a snail-covered altar of Cheibriados.
  2893 | D:4      | Noticed Grinder
  2909 | D:4      | Paralysed by Grinder for 4 turns
  2913 | D:4      | Killed Grinder
  2914 | D:4      | Reached skill level 5 in Long Blades
  2914 | D:4      | Reached skill level 5 in Dodging
  2914 | D:4      | Reached skill level 5 in Invocations
  2914 | D:4      | Gained mutation: You are mostly covered in icy blue scales.
                  | (AC +3) [demonic ancestry]
  2914 | D:4      | Reached XP level 8. HP: 63/63 MP: 11/11
  3083 | D:5      | Entered Level 5 of the Dungeon
  3172 | D:5      | Noticed Prince Ribbit
  3291 | D:5      | Identified the +3 scale mail of Relutibe {rElec Regen+
                  | rCorr Int-2}
  3428 | D:5      | Reached ** piety under Makhleb
  3558 | D:5      | Reached skill level 1 in Armour
  3869 | D:5      | Reached skill level 6 in Fighting
  4065 | D:6      | Noticed Edmund
  4081 | D:6      | Killed Edmund
  4089 | D:6      | Reached XP level 9. HP: 65/71 MP: 14/14
  4255 | D:6      | Found a radiant altar of Vehumet.
  4500 | D:6      | Found a runed translucent door.
  4543 | D:6      | Found a basalt altar of Yredelemnul.
  4564 | D:6      | Noticed Menkaure
  4570 | D:6      | Killed Menkaure
  4815 | D:5      | Killed Prince Ribbit
  4893 | D:7      | Reached skill level 7 in Fighting
  5481 | D:8      | Reached *** piety under Makhleb
  5623 | D:8      | Noticed a two-headed ogre
  5644 | D:8      | Killed a two-headed ogre
  5645 | D:8      | Gained mutation: A meltable icy envelope protects you from
                  | harm. (AC +4) [demonic ancestry]
  5645 | D:8      | Reached XP level 10. HP: 64/80 MP: 16/16
  5656 | D:8      | Found a shimmering blue altar of Sif Muna.
  5826 | D:8      | Learned a level 2 spell: Poisonous Vapours
  5867 | D:8      | Noticed a two-headed ogre
  5881 | D:8      | Killed a two-headed ogre
  5882 | D:8      | Reached skill level 8 in Fighting
  5882 | D:8      | Reached skill level 5 in Armour
  5956 | D:8      | Found a stormy altar of Qazlal.
  6095 | D:8      | Found a burning altar of Makhleb.
  6766 | D:8      | Found a runed translucent door.
  6767 | D:8      | Noticed HumbleHazard's ghost (novice MiBe)
  7288 | D:9      | Paralysed by a hornet for 3 turns
  7292 | D:9      | Reached skill level 1 in Spellcasting
  7478 | D:10     | Entered Level 10 of the Dungeon
  7493 | D:10     | Found a blossoming altar of Fedhas.
  7594 | D:10     | Found a staircase to the Orcish Mines.
  7681 | D:10     | Noticed Joseph
  7696 | D:10     | Killed Joseph
  7958 | D:10     | Reached **** piety under Makhleb
  7959 | D:10     | Reached XP level 11. HP: 86/87 MP: 18/18
  7974 | D:10     | Reached skill level 9 in Fighting
  8025 | D:10     | Noticed a centaur warrior
  8032 | D:10     | Killed a centaur warrior
  8034 | D:10     | Paralysed by a hornet for 2 turns
  8047 | D:10     | Gained mutation: You have sharp toenails. [potion of
                  | mutation]
  8048 | D:10     | Reached skill level 12 in Fighting
  8048 | D:10     | Reached XP level 12. HP: 8/99 MP: 19/19
  8048 | D:10     | Slain by a warg

Illustrated notes

Levels and vault maps discovered:
D:1:      dpeg_arrival_three_smaller_balls, layout_basic, serial_shops,
          nicolae_shop_tiny_waterfront, serial_curves, eino_curves_03,
          eino_curves_04, hangedman_glass_teeth, minmay_heptomino_w4
D:2:      layout_loops_ring, basic_altar
D:3:      layout_rooms, nicolae_overflow_crystal_walls, evilmike_ruin_ashenzari,
          shapermc_ecumenical_altar_pompeii, kennysheep_another_room
D:4:      layout_cave_pools, tso_altar, chei_slow_surprise, temple_pool_b,
          serial_shops, nicolae_stop_n_shop_1, grunt_ministairs_4,
          minmay_pentomino_pile, uniq_grinder, uniq_natasha, uniq_robin,
          uniq_blork_the_orc
D:5:      layout_gridville, uniq_prince_ribbit1
D:6:      black_bear_nest_2, layout_loops_ring,
          mainiacjoe_overflow_concentric_impassable, dk_yredelemnul_ordeal,
          minmay_circle_x, uniq_edmund, uniq_menkaure
D:7:      layout_rooms, grunt_ministairs_11
D:8:      layout_layer_cave, marbit_many_paths,
          nicolae_qazlal_general_emergency, elyvilon_altar_4,
          mainiacjoe_overflow_boulevard, gammafunk_ghost_grave,
          roderic_roman_lattice, nicolae_nh_ransacked_shop
D:9:      layout_basic
D:10:     minmay_the_grid_octo_2x2 [minmay_the_grid_octo_vomiting_pacman,
          minmay_the_grid_octo_chip, minmay_the_grid_octo_thin_diamonds,
          minmay_the_grid_octo_prize_single_spiral], layout_irregular_city,
          fedhas_altar_3, erik_lair_orcish_takeover, orc_david_3,
          nicolae_shop_vocational, uniq_fannar, uniq_joseph

Skill      XL: |  1  2  3  4  5  6  7  8  9 10 11 |
---------------+----------------------------------+-----
Throwing       | 2 |  2.1
Long Blades    | 3 4 5 6 7 8 |  8.5
Dodging        | 3 4 5 6 |  6.0
Fighting       | 3 4 5 6 7 8 12 | 12.6
Invocations    | 1 2 3 5 7 8 9 |  9.7
Armour         | 2 4 6 |  6.0
Spellcasting   | 2 3 |  3.2

Action                     |  1- 3 |  4- 6 |  7- 9 | 10-12 || total
---------------------------+-------+-------+-------+-------++-------
  Melee: Long sword        |    78 |   149 |   379 |   373 ||   979
         Headbutt          |     5 |    19 |    83 |    82 ||   189
         Punch             |     1 |     1 |     3 |     8 ||    13
 Invoke: Lesser Servant of |       |       |     1 |     4 ||     5
         Minor Destruction |       |       |       |     6 ||     6
    Use: Potion            |       |       |     7 |     5 ||    12
         Scroll            |       |       |     4 |       ||     4
   Stab: Sleeping          |     3 |       |       |       ||     3
 Armour: Leather armour    |    13 |    54 |    40 |       ||   107
         Scale mail        |       |       |   101 |   264 ||   365
         Skin              |       |       |       |     9 ||     9
  Dodge: Dodged            |    58 |    98 |   297 |   283 ||   736
  Block: Other             |     7 |    37 |    74 |    76 ||   194
